 Dungeon Crawl Stone Soup version 0.23-a0-767-gdc19b93d68 (webtiles) character file.

54 1492 the Chopper (level 3, 0/36 HPs)
             Began as a Tengu Monk on Jan 22, 2019.
             Succumbed to an adder's poison
             ... on level 2 of the Dungeon.
             The game lasted 00:04:01 (1028 turns).

1492 the Chopper (Tengu Monk)                       Turns: 1028, Time: 00:04:01

Health: 0/36       AC: 21    Str: 10 (12) XL:     3   Next: 91%
Magic:  4/4        EV:  2    Int:  8 (10) God:
Gold:   56         SH:  0    Dex: 14 (16) Spells: 2/2 levels left

rFire    . . .     SeeInvis .   (no weapon)
rCold    . . .     Gourm    .   (no shield)
rNeg     + + +     Faith    .   (armour currently unavailable)
rPois    +         Spirit   .   (helmet currently unavailable)
rElec    .         Reflect  .   (cloak currently unavailable)
rCorr    .         Harm     .   (gloves currently unavailable)
MR       .....     NoTele   +   (boots unavailable)
Stlth    ++........             (no amulet)
HPRegen  0.12/turn              (no ring)
MPRegen  0.09/turn              (no ring)

@: lethally poisoned (0 -> -6), tree-form
A: no striking features
a: no special abilities


You were on level 2 of the Dungeon.
You were not hungry.
You were a tree.
You visited 1 branch of the dungeon, and saw 2 of its levels.

You collected 56 gold pieces.

Inventory:

Hand Weapons
 a - a +0 hand axe
Missiles
 d - 3 stones (quivered)
Armour
 c - a +0 chain mail (melded)
Comestibles
 b - a chunk of flesh
 w - 4 rations {!d}


   Skills:
 + Level 3.9 Fighting
 + Level 4.3 Axes
 - Level 3.2 Dodging
 - Level 2.0 Stealth


You had 2 spell levels left.
You didn't know any spells.
Your spell library was empty.

Dungeon Overview and Level Annotations

Branches:
Dungeon (2/15)

Altars:

Annotations:
D:1 exclusion: downstairs


Innate Abilities, Weirdness & Mutations

((You have a beak for a mouth.))
((You have claws for feet.))


Message History

There is a stone staircase leading up here.
Unknown command.
Found 6 gold pieces.
w - 4 rations {!d} (gained 1)
You now have 37 gold pieces (gained 6).
Found a stone staircase leading down.
Found a bubbling emerald potion.
A worm comes into view.
You see here a bubbling emerald potion.
e - a bubbling emerald potion You barely miss the worm.
You claw the worm. You peck the worm.
The worm is moderately wounded.
You hit the worm.
The worm is heavily wounded.
The worm bites you but does no damage.
You hit the worm.
The worm is severely wounded.
The worm barely misses you.
You hit the worm.
The worm is severely wounded.
Your chain mail prevents you from hitting the worm.
You peck the worm, but do no damage.
The worm is severely wounded.
The worm bites you.
Damage: -12%(-3hp) hp: 88%(21hp)
You hit the worm. You claw the worm.
You kill the worm!
No target in view!
Unknown command.
Unknown command.
The ice beast is too close now for your liking.
Unknown command.
Found 9 gold pieces.
Found 10 gold pieces.
You now have 46 gold pieces (gained 9).
You now have 56 gold pieces (gained 10).
An adder comes into view.
The adder hisses angrily.
You barely miss the adder. The adder bites you. x2
You are poisoned.
The adder poisons you!
Huge Dmg: -29%(-7hp) hp: 71%(17hp)
Your chain mail prevents you from hitting the adder.
You peck the adder.
The adder is lightly wounded.
You feel sick. The adder bites you.
You are more poisoned.
The adder poisons you!
Damage: -8%(-2hp) hp: 63%(15hp)
You miss the adder.
The adder is lightly wounded.
You feel sick. The adder bites you but does no damage.
Damage: -4%(-1hp) hp: 59%(14hp)
You hit the adder.
The adder is moderately wounded.
The adder bites you.
* * * LOW HITPOINT WARNING * * *
The adder barely misses you.
You miss the adder.
The adder is moderately wounded.
You feel sick. The adder bites you.
* * * LOW HITPOINT WARNING * * *
You are more poisoned.
The adder poisons you!
Huge Dmg: -29%(-7hp) hp: 30%(7hp)
Okay, then.
You completely miss the adder.
The adder is moderately wounded.
* * * LOW HITPOINT WARNING * * *
You feel sick. The adder bites you but does no damage. The adder bites you.
* * * LOW HITPOINT WARNING * * *
Huge Dmg: -17%(-4hp) hp: 13%(3hp) It was a potion of lignification.
You turn into a tree.
Your +0 chain mail melds into your body.
Your roots penetrate the ground.
* * * LOW HITPOINT WARNING * * *
You feel sick. The adder bites you but does no damage.
Unknown command.
You completely miss the adder.
The adder is moderately wounded.
* * * LOW HITPOINT WARNING * * *
You feel sick. The adder barely misses you.
Huge Dmg: -3%(-1hp) hp: 9%(3hp) Wield which item (- for none, * to show all)? (? for menu, Esc to quit)
You are now empty-handed.
The adder bites you but does no damage.
Unknown command.
Really attack barehanded?
Okay, then.
Really attack barehanded?
You smack the adder!
You kill the adder!
* * * LOW HITPOINT WARNING * * *
You feel sick.
Huge Dmg: -3%(-1hp) hp: 6%(2hp)
* * * LOW HITPOINT WARNING * * *
You feel sick.
Huge Dmg: -3%(-1hp) hp: 3%(1hp)
You aren't carrying any potions.
Unknown command.
You die...

#.#
#.#
#.#
#.#
#.#
#.#
#.#
#.#
#♣#
#.#
#.#
#.#
#.#
#.#
#..
###


There were no monsters in sight!

Vanquished Creatures
  2 adders
  2 worms
  4 bats
  3 hobgoblins (D:1)
  4 jackals (D:1)
  3 frilled lizards (D:1)
  5 goblins (D:1)
  5 kobolds (D:1)
  4 rats (D:1)
32 creatures vanquished.

Notes
Turn   | Place    | Note
-------+----------+-------------------------------------------
     0 | D:1      | 1492 the Tengu Monk began the quest for the Orb.
     0 | D:1      | Reached XP level 1. HP: 14/14 MP: 2/2
   157 | D:1      | Reached XP level 2. HP: 18/19 MP: 3/3
   532 | D:1      | Reached XP level 3. HP: 22/23 MP: 4/4
   609 | D:1      | Reached skill level 4 in Axes
   782 | D:2      | Noticed an ice beast
  1020 | D:2      | HP: 7/24 [adder (3)]
  1021 | D:2      | HP: 3/24 [adder (3)]
  1026 | D:2      | HP: 1/36 [poisoned by an adder]
  1028 | D:2      | Succumbed to an adder's poison

Vault maps used:
D:1:      scummos_arrival_simple_crosswalls
D:2:      kennysheep_okawaru_gauntlet, serial_aquarium, aquarium_bridge_square,
          aquarium_window_2, aquarium_window_1, aquarium_window_1,
          aquarium_view_2e, aquarium_view_4, grunt_decor_fettered,
          uniq_crazy_yiuf_cottage

Skill      XL: |  1  2  3 |
---------------+----------+-----
Axes           | 4 |  4.3
Fighting       | |  3.9
Dodging        | |  3.2
Stealth        | |  2.0

Action                   || total
-------------------------++-------
Melee: Hand axe          ||    72
       Kick              ||    14
       Peck              ||    12
       Unarmed           ||     1
  Use: Potion            ||     2
Armor: Chain mail        ||    42
       Skin              ||     2
Dodge: Dodged            ||    18

Table legend:
 A = Non-vault XP
 B = Vault XP
 C = Vault XP percentage of total XP
 D = Non-vault monster count
 E = Vault monster count
 F = Vault count percentage of total count
                 A         B        C        D         E       F
            +---------+---------+-------+---------+---------+-------
      Total |      78 |       0 |   0.0 |      32 |       0 |   0.0
            +---------+---------+-------+---------+---------+-------
        D:1 |      59 |       0 |   0.0 |      29 |       0 |   0.0
        D:2 |      19 |       0 |   0.0 |       3 |       0 |   0.0
            +---------+---------+-------+---------+---------+-------
